 Dungeon Crawl Stone Soup version 0.31-a0-609-g7bf6ffcfed (webtiles) character file.

Game seed: 6284371243644701461

89 Dittersdorf the Trooper (level 4, -1/29 HPs)
             Began as a Gargoyle Fighter on Aug 21, 2023.
             Slain by Natasha (5 damage)
             ... on level 2 of the Dungeon.
             The game lasted 00:01:26 (1142 turns).

Dittersdorf the Trooper (Gargoyle Fighter)          Turns: 1142, Time: 00:01:27

Health: -1/29      AC: 11    Str: 22    XL:     4   Next: 55%
Magic:  13/13      EV:  9    Int:  8    God:
Gold:   74         SH:  4    Dex:  9    Spells: 3/3 levels left

rFire   + . .        a - +0 flail
rCold   . . .        c - +0 buckler
rNeg    + . .        b - +0 scale mail
rPois   ∞            (no helmet)
rElec   +            (no cloak)
rCorr   .            h - +0 pair of gloves
SInv    .            (no boots)
Will    .....        (no amulet) Stlth
                     g - ring of magical power
HPRegen 0.24/turn    f - ring of protection from fire
MPRegen 0.13/turn

%: no passive effects
@: slowed, very slow
A: sickness immunity, AC +3, negative energy resistance 1, electricity
resistance, torment resistance 1, petrification resistance
a: no special abilities


You were on level 2 of the Dungeon.
You visited 1 branch of the dungeon, and saw 2 of its levels.

You collected 74 gold pieces.

Inventory:

Hand Weapons
 a - a +0 flail (weapon)
Armour
 b - a +0 scale mail (worn)
 c - a +0 buckler (worn)
 h - a +0 pair of gloves (worn)
Jewellery
 f - a ring of protection from fire (right hand)
 g - a ring of magical power (left hand)
Scrolls
 e - a scroll of revelation {unknown}
 l - a scroll of identify {unknown}
 m - a scroll of brand weapon {unknown}
Potions
 d - 2 potions of might
 i - a potion of curing {unknown}
 j - a potion of enlightenment {unknown}
 k - a potion of degeneration {unknown}


   Skills:
 + Level 4.0 Fighting
 + Level 2.8 Maces & Flails
 + Level 4.0 Armour
 + Level 4.0 Shields


You had 3 spell levels left.
You didn't know any spells.
Your spell library contained the following spells:

 Spells                   Type           Power      Damage    Failure   Level
 Wereblood                Tmut           0%         N/A       90%         2
 Summon Hydra             Summ           0%         N/A       100%        7
 Sublimation of Blood     Necr           Unusable   N/A       N/A         2

Dungeon Overview and Level Annotations

Branches:
Dungeon (2/15)

Altars:

Annotations:
D:2 Natasha


Innate Abilities, Weirdness & Mutations

You are immune to sickness and miasma.
Your stone body is resilient. (AC +3)
You are immune to poison.
You resist negative energy. (rN+)
You are resistant to electric shocks. (rElec)
You are resistant to unholy torment.
You are immune to petrification.


Message History

Natasha is severely wounded.
The adder bites you. The adder closely misses you.
Natasha mumbles some strange words.
You feel disoriented.
Natasha stares at you and mumbles some strange words.
The magic dart hits you!
* * * LOW HITPOINT WARNING * * *
The adder bites you but does no damage. Natasha closely misses you.
You are too injured to fight recklessly!
You are too injured to fight recklessly!
You are too injured to fight recklessly!
You are too injured to fight recklessly!
You are too injured to fight recklessly!
You are too injured to fight recklessly!
You are too injured to fight recklessly!
You are too injured to fight recklessly!
You are too injured to fight recklessly!
You are too injured to fight recklessly!
You are too injured to fight recklessly!
You are too injured to fight recklessly!
You are too injured to fight recklessly!
You are too injured to fight recklessly!
You are too injured to fight recklessly!
You are too injured to fight recklessly!
You are too injured to fight recklessly!
You are too injured to fight recklessly!
You hit Natasha.
Natasha is severely wounded.
You block the adder's attack. Natasha barely misses you.
You block the adder's attack.
You closely miss Natasha.
Natasha is severely wounded.
The adder bites you but does no damage. Natasha claws you but does no damage.
The adder bites you.
* * * LOW HITPOINT WARNING * * *
Natasha claws you but does no damage. The adder bites you.
* * * LOW HITPOINT WARNING * * *
Natasha claws you.
You die...
Natasha begins licking her fur clean.

.#.........†.........
...<#................
.#.#................###
#....###..............
#..####..###).......##
..## #....##.##....>.#
.#####.......# #...#.#
............####.....#
♣♣♣♣♣♣......###.@h# ♣
♣♣.....##..#S# #
♣♣.......##...
♣♣.............
♣♣........#.....
♣.......)#.....
♣♣..............
♣♣.........####..
♣♣...#...<..#


You could see Natasha and an adder.

Vanquished Creatures
  Jessica (D:2)
  Natasha (D:2)
  A worm (D:2)
  5 ball pythons
  6 endoplasms
  A giant cockroach (D:2)
  2 goblins (D:1)
  A hobgoblin (D:1)
  4 jackals (D:1)
  A kobold (D:1)
  3 quokkas (D:1)
  2 bats
  3 rats
31 creatures vanquished.

Notes
Turn   | Place    | Note
-------+----------+-------------------------------------------
     0 | D:1      | Dittersdorf the Gargoyle Fighter began the quest for the
                  | Orb.
     0 | D:1      | Reached XP level 1. HP: 14/14 MP: 1/1
    80 | D:1      | Reached XP level 2. HP: 16/19 MP: 2/2
   413 | D:1      | Reached XP level 3. HP: 1/24 MP: 3/3
  1014 | D:2      | Noticed Natasha
  1020 | D:2      | Killed Natasha
  1021 | D:2      | Reached XP level 4. HP: 25/29 MP: 4/4
  1052 | D:2      | Noticed Jessica
  1056 | D:2      | Killed Jessica
  1135 | D:2      | Noticed Natasha
  1142 | D:2      | Slain by Natasha

Illustrated notes

Levels and vault maps discovered:
D:1:      denvon_arrival_waterhouse, layout_loops_ring, st_stairs_13,
          minmay_circled_x
D:2:      layout_rooms, dilly_ecumenical_altar_fadedgnrine,
          minmay_misc_feat_more_columns, uniq_jessica, uniq_natasha

Skill      XL: |  1  2  3  4 |
---------------+-------------+-----
Fighting       | 4 |  4.0
Armour         | 4 |  4.0
Shields        | 4 |  4.0
Maces & Flails | |  2.8

Action                     |  1- 3 |  4- 6 || total
---------------------------+-------+-------++-------
  Melee: Flail             |    88 |    10 ||    98
 Armour: Scale mail        |    41 |     6 ||    47
  Dodge: Dodged            |    53 |     7 ||    60
  Block: Buckler           |    17 |     4 ||    21

Table legend: (Time is in decaauts)
 A = Elapsed time spent in this place.
 B = Non-inter-level travel time spent in this place.
 C = Inter-level travel time spent in this place.
 D = Time resting spent in this place.
 E = Time spent auto-exploring this place.
 F = Levels seen in this place.
 G = Mean time per level.
                   A        B        C        D        E       F      G
               +--------+--------+--------+--------+--------+-----+--------+
         Total |   1174 |   1120 |     54 |     99 |    774 |   2 |  587.0 |
       Dungeon |   1174 |   1120 |     54 |     99 |    774 |   2 |  587.0 |
               +--------+--------+--------+--------+--------+-----+--------+

Top non-repeatable levels by time:
     D:1: 971 daAuts
     D:2: 202 daAuts
